 Dungeon Crawl Stone Soup version 0.25-a0-661-g55ea3d2053 (webtiles) character file.

Game seed: 3470043784309374481, levelgen mode: deterministic

67 ReteAZ the Skirmisher (level 4, -1/40 HPs)
             Began as a Ghoul Fighter on Mar 23, 2020.
             Slain by a killer bee (7 damage)
             ... on level 1 of the Dungeon.
             The game lasted 00:01:00 (667 turns).

ReteAZ the Skirmisher (Ghoul Fighter)                Turns: 667, Time: 00:01:01

Health: -1/40      AC:  6    Str: 19    XL:     4   Next: 18%
Magic:  3/3        EV:  7    Int:  4    God:
Gold:   63         SH:  8    Dex:  8    Spells: 3/3 levels left

rFire    . . .     SeeInvis .     - Unarmed
rCold    + . .     Gourm    .   b - +0 kite shield
rNeg     + + +     Faith    .   a - +0 scale mail
rPois    ∞         Spirit   .   (no helmet)
rElec    .         Reflect  .   (no cloak)
rCorr    .         Harm     .   (no gloves)
MR       .....                  (no boots)
Stlth    ..........             (no amulet)
HPRegen  0.00/turn              (no ring)
MPRegen  0.08/turn              (no ring)

@: rotting
A: rotting body, claws 1, carnivore, cold resistance 1, negative energy
resistance 3, inhibited regeneration, torment resistance, unbreathing
a: no special abilities


You were on level 1 of the Dungeon.
You were not hungry.

You visited 1 branch of the dungeon, and saw 2 of its levels.

You collected 63 gold pieces.

Inventory:

Armour
 a - a +0 scale mail (worn)
 b - a +0 kite shield (worn)
Jewellery
 i - a cursed ring of teleportation {unknown}
Scrolls
 e - 2 scrolls of noise {unknown}
 g - a scroll of enchant weapon {unknown}
 h - a scroll of magic mapping {unknown}
 j - a scroll of fear {unknown}
 l - a scroll of remove curse {unknown}
 m - a scroll of teleportation {unknown}
Potions
 c - a potion of might
 k - a potion of stabbing {unknown}
Comestibles
 d - 6 rations
 f - 3 chunks of flesh


   Skills:
 + Level 3.8 Fighting
 + Level 3.1 Armour
 + Level 3.1 Shields
 * Level 3.4 Unarmed Combat


You had 3 spell levels left.
You didn't know any spells.
Your spell library was empty.

Dungeon Overview and Level Annotations

Branches:
Dungeon (2/15)

Altars:


Innate Abilities, Weirdness & Mutations

Your body is rotting away.
You thrive on raw meat.
You are immune to poison.
You have sharp fingernails.
You are carnivorous and can eat meat at any time.
Your flesh is cold resistant. (rC+)
You are immune to negative energy. (rN+++)
You do not regenerate when monsters are visible.
You are immune to unholy pain and torment.
You can survive without breathing.


Message History

There is a stone staircase leading down here.
You claw the killer bee!
The killer bee is heavily wounded.
The killer bee barely misses you. You block the killer bee's attack.
You closely miss the killer bee.
The killer bee is heavily wounded.
The killer bee closely misses you. The killer bee barely misses you.
You miss the killer bee.
The killer bee is heavily wounded.
You block the killer bee's attack. The killer bee stings you.
* * * LOW HITPOINT WARNING * * *
You completely miss the killer bee.
The killer bee is heavily wounded.
The killer bee completely misses you. The killer bee stings you.
* * * LOW HITPOINT WARNING * * *
Some of the chunks of flesh in your inventory have rotted away.
You scratch the killer bee.
The killer bee is heavily wounded.
The killer bee stings you!
You die...

# #......[.##.#..÷..#.# #
#........##.##'####.#
########..............####.#
#.....>.....#####.##......####
#.#####.........#....###.....#
#.#...........#.##.#..#...##.#
#.#.###.#####.#....##[..#..#.#
#.#.# #.# #.#.#..#.).##..#.#
#.#.# #.# #.#@#....#..#..#.#
#.#.# #.# #.#y#.#.###....#.#
#.#.# #.# #.#.#.#.....##.#.#
#.#.# #.# #...#.#....)(..#.#
#.#.# #.# #####.#.########.#
#.#.# #.#######...#.# #.#
#.#.# #.........###.########.#
#...# #.######### #..........#
#.### #.# ##########.#


You could see a killer bee.

Vanquished Creatures
  A killer bee (D:2)
  A leopard gecko (D:1)
  A ball python (D:1)
  5 bats (D:1)
  3 giant cockroaches (D:1)
  4 hobgoblins (D:1)
  A frilled lizard (D:1)
  3 goblins (D:1)
  4 kobolds (D:1)
  2 rats (D:1)
25 creatures vanquished.

Notes
Turn   | Place    | Note
-------+----------+-------------------------------------------
     0 | D:1      | ReteAZ the Ghoul Fighter began the quest for the Orb.
     0 | D:1      | Reached XP level 1. HP: 19/19 MP: 0/0
    90 | D:1      | Reached XP level 2. HP: 22/26 MP: 1/1
   460 | D:1      | Reached XP level 3. HP: 30/31 MP: 2/2
   651 | D:2      | Noticed a killer bee
   651 | D:2      | Noticed a killer bee
   651 | D:2      | Noticed a killer bee
   657 | D:2      | Killed a killer bee
   657 | D:2      | Reached XP level 4. HP: 28/40 MP: 3/3
   667 | D:1      | Slain by a killer bee

Levels and vault maps discovered:
D:1:      psy_arrival_whirlpool, layout_basic, corexii_leaking_fountain,
          minmay_tetromino_t4
D:2:      kennysheep_the_goblin_king, layout_basic, minmay_split_cup_small,
          uniq_terence

Skill      XL: |  1  2  3 |
---------------+----------+-----
Unarmed Combat | 3 |  3.4
Armour         | 3 |  3.1
Shields        | 3 |  3.1
Fighting       | |  3.8

Action                   |  1- 3 |  4- 6 || total
-------------------------+-------+-------++-------
Melee: Unarmed           |    64 |     7 ||    71
  Eat: Chunk             |     3 |       ||     3
Armor: Scale mail        |    25 |     4 ||    29
Dodge: Dodged            |    19 |     4 ||    23
Block: Kite shield       |    29 |     4 ||    33

Table legend:
 A = Non-vault XP
 B = Vault XP
 C = Vault XP percentage of total XP
 D = Non-vault monster count
 E = Vault monster count
 F = Vault count percentage of total count
                 A         B        C        D         E       F
            +---------+---------+-------+---------+---------+-------
      Total |      92 |       5 |   5.2 |      22 |       3 |  12.0
            +---------+---------+-------+---------+---------+-------
        D:1 |      33 |       5 |  13.2 |      21 |       3 |  12.5
        D:2 |      59 |       0 |   0.0 |       1 |       0 |   0.0
            +---------+---------+-------+---------+---------+-------
